[Event "Team 45 45 League T40"]
[Site "Internet Chess Club"]
[Date "2009.01.31"]
[Round "1"]
[White "rubo"]
[Black "tryanything"]
[Result "1-0"]
[WhiteElo "1707"]
[BlackElo "1656"]
[Opening "Bird: From gambit"]
[ECO "A02"]
[Time "16:01:23"]
[TimeControl "2700+45"]

1. f4 e5 2. fxe5 d6 3. exd6 Bxd6 4. Nf3 Nf6 5. d4 O-O 6. Bg5 Re8 7. Qd3 Be6 8.
Nbd2 Nc6 9. c3 Be7 10. e4 Ng4 11. Bxe7 Rxe7 12. Be2 g6 13. Ng5 Nf6 14. O-O Rd7
15. Qg3 Nxd4 16. cxd4 Rxd4 17. Nxe6 fxe6 18. Qe5 Rxd2 19. Qxe6+ Kh8 20. Rxf6
Rxe2 21. Qe5 Kg8 22. Raf1 Qd7 23. Qc5 Rxg2+ 24. Kh1 h5 25. Qc4+ Kh8 26. Rf8+
Rxf8 27. Rxf8+ Kg7 28. Rg8+ Kh6 29. Kxg2 Qg4+ 30. Kf2 Qf4+ 31. Ke1 Qh4+ 32. Kd1
Qg4+ 33. Qe2 Qg1+ 34. Kd2 Qd4+ 35. Qd3 Qxb2+ 36. Qc2 Qd4+ 37. Kc1 Qg1+ 38. Kb2
Qd4+ 39. Kb1 Qb4+ 40. Qb2 Qxe4+ 41. Qc2 Qb4+ 42. Kc1 Qe1+ 43. Qd1 Qc3+ 44. Qc2
Qe1+ 45. Kb2 Qb4+ 46. Qb3 Qd2+ 47. Ka3 Qa5+ 48. Kb2 Qd2+ 49. Kb1 Qe1+ 50. Kc2
Qe2+ 51. Kc3 Qe3+ 52. Kc4 Qe4+ 53. Kb5 Qc6+ 54. Kb4 Qb6+ 55. Kc4 Qe6+ 56. Kd4
Qd6+ 57. Ke3 Qe5+ 58. Kf3 Qf5+ 59. Kg2 Qe4+ 60. Qf3 Qc2+ 61. Kg3 Qxa2 62. Qf8+
{Black resigns} 1-0

[Event "Team 45 45 League T40"]
[Site "Internet Chess Club"]
[Date "2009.01.31"]
[Round "1"]
[White "specialxtr"]
[Black "reb"]
[Result "1/2-1/2"]
[WhiteElo "2425"]
[BlackElo "2289"]
[Opening "English: four knights, 4.e3"]
[ECO "A28"]
[Time "09:09:41"]
[TimeControl "2700+45"]

1. c4 e5 2. Nc3 Nf6 3. Nf3 Nc6 4. e3 Bb4 5. Be2 O-O 6. O-O e4 7. Nd4 Re8 8. d3
Bxc3 9. bxc3 exd3 10. Bxd3 Ne5 11. Be2 d6 12. Qc2 c5 13. Nf3 Qe7 14. h3 Bd7 15.
Nxe5 Qxe5 16. Bd3 Bc6 17. f3 Rad8 18. e4 h6 19. Be3 Nh5 20. Rae1 Nf4 21. Qd2
Nxd3 22. Qxd3 Re6 23. Qd2 Rg6 24. Rd1 Rd7 25. Kh1 {Game drawn by mutual
agreement} 1/2-1/2

[Event "Team 45 45 League T40"]
[Site "Internet Chess Club"]
[Date "2009.02.02"]
[Round "1"]
[White "fundie"]
[Black "freestyle"]
[Result "1-0"]
[WhiteElo "2225"]
[BlackElo "2264"]
[Opening "Sicilian: closed, 2...Nc6"]
[ECO "B23"]
[Time "20:00:15"]
[TimeControl "2700+45"]

1. e4 c5 2. Nc3 Nc6 3. d3 g6 4. g4 Bg7 5. h4 d6 6. h5 e6 7. Bg2 Rb8 8. Nge2 b5
9. Ng3 b4 10. Nce2 a5 11. h6 Bf6 12. f4 a4 13. e5 Nxe5 14. fxe5 Bxe5 15. c3 bxc3
16. bxc3 Qa5 17. Bd2 Ba6 18. d4 Bf6 19. Bc6+ Kd8 20. g5 Be7 21. Qxa4 Qb6 22. c4
Kc8 23. O-O cxd4 24. Bd7+ Kd8 25. Ba5 d3+ 26. Bxb6+ Rxb6 {Black resigns} 1-0

[Event "Team 45 45 League T40"]
[Site "Internet Chess Club"]
[Date "2009.02.01"]
[Round "1"]
[White "fllinc"]
[Black "jorobo"]
[Result "1/2-1/2"]
[WhiteElo "2054"]
[BlackElo "2152"]
[Opening "French: Winawer, advance, Bogolyubov variation"]
[ECO "C17"]
[Time "14:28:41"]
[TimeControl "2700+45"]

1. e4 e6 2. d4 d5 3. Nc3 Bb4 4. e5 c5 5. Bd2 Ne7 6. f4 cxd4 7. Nb5 Bxd2+ 8. Qxd2
O-O 9. Nf3 Nbc6 10. Nbxd4 Bd7 11. Bd3 f6 12. exf6 gxf6 13. O-O-O Nxd4 14. Nxd4
Nc6 15. Nxc6 bxc6 16. Qe3 Rb8 17. Rhe1 Rf7 18. g4 Qb6 19. Qxb6 axb6 20. c4 Rg7
21. h3 Kf8 22. cxd5 exd5 23. Bc2 Re8 24. Rxe8+ Kxe8 25. b4 b5 26. Kb2 Ke7 27. a3
Kd6 28. Kc3 Re7 29. Kd4 h6 30. Bd3 Re8 31. Rc1 Ra8 32. Rc3 Re8 33. Rc1 Rh8 34.
Bg6 Be8 35. Bf5 Bd7 36. Bg6 Ra8 37. Rc3 Be8 38. Bf5 Bd7 39. Bg6 {Game drawn by
mutual agreement} 1/2-1/2

[Event "Team 45 45 League T40"]
[Site "Internet Chess Club"]
[Date "2009.02.01"]
[Round "1"]
[White "RootinTootin"]
[Black "DavidAbran"]
[Result "0-1"]
[WhiteElo "1793"]
[BlackElo "1985"]
[Opening "Sicilian: Najdorf, Zagreb (fianchetto) variation"]
[ECO "B91"]
[Time "10:31:13"]
[TimeControl "2700+45"]

1. e4 c5 2. Nf3 d6 3. d4 cxd4 4. Nxd4 Nf6 5. Nc3 a6 6. g3 e6 7. Bg2 Be7 8. O-O
O-O 9. h3 Qc7 10. Be3 Bd7 11. f4 Nc6 12. Nde2 b5 13. g4 Rfd8 14. Ng3 Rac8 15. g5
Ne8 16. f5 Ne5 17. f6 gxf6 18. gxf6 Nxf6 19. Bg5 b4 20. Nce2 Nd5 21. Bxe7 Nxe7
22. Nd4 Kh8 23. Kh2 Rg8 24. Qh5 Rg7 25. Nf3 N7g6 26. Rac1 Nf4 27. Qh4 Nxg2 28.
Kxg2 Bb5 29. Rf2 Nd3 30. cxd3 Qxc1 31. Qf6 Qe3 32. h4 h6 33. Ng5 hxg5 34. Nh5
Rg8 35. Qh6+ Rh7 36. Qf6+ Rgg7 37. Qd8+ Be8 38. Nxg7 Rxg7 39. Qxe8+ Rg8 40. Qxf7
gxh4+ 41. Kf1 Qxd3+ 42. Re2 Qd1+ 43. Re1 Qg4 44. Qf6+ Kh7 45. Qf2 Qh3+ {White
resigns} 0-1

[Event "Team 45 45 League T40"]
[Site "Internet Chess Club"]
[Date "2009.02.01"]
[Round "1"]
[White "tini3blas"]
[Black "zkman"]
[Result "1/2-1/2"]
[WhiteElo "2162"]
[BlackElo "2275"]
[Opening "Polish (Sokolsky) opening"]
[ECO "A00"]
[Time "10:00:04"]
[TimeControl "2700+45"]

1. b4 e5 2. b5 d5 3. e3 Bd6 4. a4 Nf6 5. Ba3 c5 6. Ne2 Be6 7. Ng3 Nbd7 8. c4
dxc4 9. Qc2 Nb6 10. Bb2 a6 11. Na3 axb5 12. Nxb5 Bb8 13. Be2 O-O 14. O-O Nfd5
15. a5 Nb4 16. Qc1 N6d5 17. Na3 Rxa5 18. Nxc4 Rxa1 19. Qxa1 f6 20. Rc1 b6 21.
Bc3 Rf7 22. e4 Nf4 23. Bxb4 cxb4 24. Qa4 Nxe2+ 25. Nxe2 Bd6 26. Nxd6 Qxd6 27. d4
Bd7 28. Qa8+ Rf8 29. Qa2+ Kh8 30. d5 g6 31. Qb2 f5 32. Rc4 b3 33. Qxb3 Ra8 34.
Qb2 b5 35. Rc1 fxe4 36. Nc3 e3 37. fxe3 b4 38. Ne4 Qxd5 39. Nf6 Ra2 40. Nxd5
Rxb2 41. Rc7 Bb5 42. h4 Kg8 43. Rb7 Bc4 44. Nf6+ Kf8 45. e4 Be6 46. Nxh7+ Ke8
47. g4 b3 48. h5 gxh5 49. gxh5 Bc8 50. Rb8 Ke7 51. h6 Rb1+ 52. Kh2 Rb2+ 53. Kg3
Rb1 54. Kg2 Rb2+ 55. Kf3 Rc2 56. Ng5 Kf6 57. h7 Rc3+ 58. Ke2 Kg7 59. Rb6 Rc2+
60. Kd3 Rh2 61. Rxb3 Rh5 62. Rb8 Rxg5 63. Rxc8 Kxh7 64. Kc4 Kg7 65. Kd5 Kf6
{Game drawn by mutual agreement} 1/2-1/2

[Event "Team 45 45 League T40"]
[Site "Internet Chess Club"]
[Date "2009.02.01"]
[Round "1"]
[White "chessdude64"]
[Black "menorca"]
[Result "0-1"]
[WhiteElo "2074"]
[BlackElo "2185"]
[Opening "French defense, Steiner variation"]
[ECO "A13"]
[Time "10:00:16"]
[TimeControl "2700+45"]

1. c4 e6 2. e4 d5 3. exd5 exd5 4. cxd5 Nf6 5. Bb5+ Nbd7 6. Nc3 Be7 7. Nge2 O-O
8. Nf4 Bd6 9. d4 Re8+ 10. Be2 Nb6 11. O-O Ne4 12. Bf3 Bf5 13. Re1 Ng5 14. Rxe8+
Qxe8 15. Be3 Nc4 16. Qe2 Nxf3+ 17. Qxf3 Nxb2 18. Qe2 Na4 19. Qd2 Bb4 20. Nfe2
Be4 21. Qc1 Nxc3 22. Nxc3 Bg6 23. Nb5 Qxb5 24. Qxc7 Qxd5 25. Rc1 Bf5 26. Qg3 Bd6
27. Qg5 Be6 28. Qh4 Qxa2 29. Qh5 Qd5 30. Qe2 a5 31. Rb1 a4 32. Rb5 Qc4 33. Qb2
a3 {White resigns} 0-1

[Event "Team 45 45 League T40"]
[Site "Internet Chess Club"]
[Date "2009.01.30"]
[Round "1"]
[White "SurgeonGeneral"]
[Black "frank001"]
[Result "0-1"]
[WhiteElo "1974"]
[BlackElo "1989"]
[Opening "Queen's gambit declined"]
[ECO "D30"]
[Time "22:01:03"]
[TimeControl "2700+45"]

1. d4 d5 2. c4 e6 3. Nf3 c6 4. Bf4 f5 5. e3 Nf6 6. Nc3 Bd6 7. Bg3 Qe7 8. Bd3 Ne4
9. Bxd6 Qxd6 10. Ne5 O-O 11. O-O Nd7 12. f3 Nxc3 13. bxc3 Nxe5 14. dxe5 Qxe5 15.
cxd5 exd5 16. Qc2 Qxe3+ 17. Kh1 Bd7 18. Rae1 Qg5 19. Re5 Rae8 20. Rfe1 g6 21. c4
Rxe5 22. Rxe5 Qf6 23. Re1 d4 24. c5 Kg7 25. Qb3 Bc8 26. g3 Rd8 27. Bc4 h5 28. h3
f4 29. g4 hxg4 30. fxg4 Qh4 31. Rd1 Qg5 32. Qa3 a6 33. Qa5 Qe7 34. Bd3 Rh8 35.
Re1 Rxh3+ 36. Kg2 Rg3+ 37. Kf2 Qd7 38. Re5 Rxd3 {White resigns} 0-1

[Event "Team 45 45 League T40"]
[Site "Internet Chess Club"]
[Date "2009.01.29"]
[Round "1"]
[White "chesskilleruk"]
[Black "Zkid"]
[Result "0-1"]
[WhiteElo "2347"]
[BlackElo "2243"]
[Opening "French: Tarrasch"]
[ECO "C03"]
[Time "19:59:43"]
[TimeControl "2700+45"]

1. e4 e6 2. d4 d5 3. Nd2 Be7 4. Ngf3 Nf6 5. Bd3 c5 6. e5 Nfd7 7. c3 Nc6 8. O-O
a5 9. b3 a4 10. Rb1 cxd4 11. cxd4 Nb4 12. Bb5 Nxa2 13. Bb2 a3 14. Ba1 Qa5 15.
Qe2 Bb4 16. Qd3 b6 17. Rbd1 h6 18. Nb1 Be7 19. Qe2 Nb4 20. Nc3 Ba6 21. Bxa6 Qxa6
22. Nb5 O-O 23. Rfe1 Rfc8 24. Bc3 Nc2 25. Rf1 a2 26. Ba1 Na3 27. Nc3 Qxe2 28.
Nxe2 Rc2 29. Nc3 Bb4 30. Rc1 Bxc3 31. Bxc3 Rxc1 32. Rxc1 Rc8 33. Nd2 Rxc3 {White
resigns} 0-1

[Event "Team 45 45 League T40"]
[Site "Internet Chess Club"]
[Date "2009.02.02"]
[Round "1"]
[White "wilddog92"]
[Black "SiNsUaT12"]
[Result "1/2-1/2"]
[WhiteElo "2176"]
[BlackElo "2346"]
[Opening "QGD"]
[ECO "D52"]
[Time "06:22:04"]
[TimeControl "2700+45"]

1. d4 Nf6 2. Nf3 e6 3. c4 d5 4. Nc3 c6 5. Bg5 Nbd7 6. e3 dxc4 7. Bxc4 b5 8. Bd3
a6 9. O-O Be7 10. Rc1 Bb7 11. Bxf6 Nxf6 12. Ne4 O-O 13. Ne5 Rc8 14. Nc5 Bxc5 15.
Rxc5 Nd7 16. Nxd7 Qxd7 17. Qc2 g6 18. Rc1 Rc7 19. Be4 Rfc8 20. d5 exd5 21. Bxd5
Qd6 22. Bf3 Rd8 23. Rd1 Qf6 24. Rxd8+ Qxd8 25. h3 Rd7 26. Bxc6 Rd1+ 27. Kh2 Qd6+
28. f4 Rd2 29. Qc3 Rd3 30. Qc1 Bxc6 31. Rxc6 Qd5 32. Rxa6 Rd2 33. Ra8+ Kg7 34.
Qc3+ Kh6 35. e4 Rxg2+ 36. Kxg2 Qxa8 37. Qd3 f5 38. Qd5 Qa4 39. exf5 Qxf4 40.
fxg6 hxg6 41. Qxb5 Qe4+ 42. Kf2 Qf4+ 43. Ke1 Qe3+ 44. Kd1 Qxh3 45. a4 g5 46.
Qc6+ Kh5 47. Qe8+ Kh4 48. Qh8+ Kg3 49. Qc3+ Kh4 50. Qh8+ Kg3 51. Qc3+ {Game
drawn by mutual agreement} 1/2-1/2

[Event "Team 45 45 League T40"]
[Site "Internet Chess Club"]
[Date "2009.01.29"]
[Round "1"]
[White "adh2050"]
[Black "nb"]
[Result "0-1"]
[WhiteElo "2147"]
[BlackElo "2117"]
[Opening "Sicilian: closed"]
[ECO "B23"]
[Time "11:00:09"]
[TimeControl "2700+45"]

1. e4 c5 2. Nc3 a6 3. f4 b5 4. g3 Bb7 5. Bg2 e6 6. d3 d5 7. Qe2 Nc6 8. Nf3 Nd4
9. Nxd4 cxd4 10. Nd1 dxe4 11. dxe4 Rc8 12. O-O Nf6 13. Nf2 Qc7 14. Bd2 Qc4 15.
Nd3 Be7 16. Rfc1 O-O 17. b3 Qc7 18. a4 bxa4 19. Rxa4 Bc6 20. Rxd4 Qb7 21. h3 Nd7
22. Kh2 f6 23. e5 Bxg2 24. Qxg2 Qxg2+ 25. Kxg2 Nc5 26. Nxc5 Bxc5 27. Re4 Ba3 28.
Ra1 Bb2 29. Ra2 Rxc2 30. Re2 Rd8 31. Rxa6 Rdxd2 32. Rxd2 Rxd2+ 33. Kf3 fxe5 34.
Rxe6 exf4 35. Kxf4 Kf7 36. Re3 Bd4 37. Re4 Bf6 38. h4 Rd4 39. h5 h6 40. Rxd4
Bxd4 41. Kf5 Ke7 42. Ke4 Bf2 43. g4 Kd6 44. Kf5 Bh4 45. Kg6 Bf6 46. Kf5 Kc5
{White resigns} 0-1

[Event "Team 45 45 League T40"]
[Site "Internet Chess Club"]
[Date "2009.02.01"]
[Round "1"]
[White "Boromir"]
[Black "Fosca"]
[Result "1/2-1/2"]
[WhiteElo "1986"]
[BlackElo "1868"]
[Opening "French: Winawer, advance, Bogolyubov variation"]
[ECO "C17"]
[Time "12:00:42"]
[TimeControl "2700+45"]

1. e4 e6 2. d4 d5 3. Nc3 Bb4 4. e5 c5 5. Bd2 cxd4 6. Nb5 Bxd2+ 7. Qxd2 Nc6 8. f4
Nh6 9. Nd6+ Kf8 10. Nf3 a6 11. Nxd4 Nxd4 12. Qxd4 g6 13. Bd3 f5 14. Qc5 Kg7 15.
O-O-O Nf7 16. Nxf7 Kxf7 17. h3 b5 18. g4 Qe7 19. Qxe7+ Kxe7 20. gxf5 gxf5 21.
Rhg1 Kf7 22. Rg3 Rg8 23. Rdg1 Rxg3 24. Rxg3 Bd7 25. c3 a5 26. Kc2 Rc8 27. Kb3
Rb8 28. a3 Rc8 29. h4 Rh8 30. h5 Rf8 31. h6 Rg8 32. Rxg8 Kxg8 33. Be2 Be8 34.
Kc2 Kf7 35. Bh5+ Ke7 36. Be2 Kf7 37. Bh5+ Ke7 38. Be2 Kd8 39. Kd3 Kc7 40. Kd4
Kb6 41. b4 a4 42. Ke3 Kc7 43. Kd4 Kb6 44. Ke3 Kc6 45. Kd4 {Game drawn by mutual
agreement} 1/2-1/2

[Event "Team 45 45 League T40"]
[Site "Internet Chess Club"]
[Date "2009.02.02"]
[Round "1"]
[White "eurander"]
[Black "KNVB"]
[Result "0-1"]
[WhiteElo "2241"]
[BlackElo "2360"]
[Opening "Queen's pawn game"]
[ECO "A46"]
[Time "16:30:10"]
[TimeControl "2700+45"]

1. d4 Nf6 2. Nf3 c5 3. c3 b6 4. Bg5 e6 5. e3 Bb7 6. Nbd2 Be7 7. Bd3 d6 8. O-O
Nbd7 9. Qc2 Rc8 10. Rfd1 a6 11. a4 cxd4 12. exd4 h6 13. Bxf6 Nxf6 14. Re1 O-O
15. g3 Nd5 16. Qd1 Rc7 17. Qe2 Qa8 18. Be4 Re8 19. Nf1 Bf8 20. N3d2 g6 21. Bf3
f5 22. Ne3 Nf6 23. Bxb7 Qxb7 24. Qf3 Ne4 25. Nxe4 fxe4 26. Qg4 Kh7 27. Ng2 d5
28. Nf4 g5 29. Nxe6 Rf7 30. Nxf8+ Rexf8 31. Re2 Qc6 32. a5 b5 33. h4 Rg7 34. h5
Rf4 35. Qh3 g4 36. Qh4 Rf5 37. Qd8 Rxh5 38. Qb6 Qc8 39. Qd6 Qf5 40. Qf4 Qg6 41.
Kg2 Rf7 42. Qe3 Qf5 43. Ree1 Qf3+ 44. Qxf3 gxf3+ 45. Kg1 Rh3 46. c4 Rf5 {White
resigns} 0-1

[Event "Team 45 45 League T40"]
[Site "Internet Chess Club"]
[Date "2009.02.01"]
[Round "1"]
[White "MRuperez"]
[Black "frothyjowels"]
[Result "0-1"]
[WhiteElo "2207"]
[BlackElo "2325"]
[Opening "Kevitz-Trajkovich defense"]
[ECO "A10"]
[Time "14:00:11"]
[TimeControl "2700+45"]

1. c4 Nc6 2. d4 Nf6 3. Nf3 g6 4. Nc3 Bg7 5. e4 O-O 6. g3 d6 7. d5 Nb8 8. Bg2
Nbd7 9. O-O Nc5 10. Qc2 c6 11. Rb1 Nfxe4 12. Nxe4 Nxe4 13. dxc6 bxc6 14. Nh4 f5
15. Bxe4 fxe4 16. Qxe4 d5 17. cxd5 cxd5 18. Qd3 Bh3 19. Rd1 d4 20. Qc4+ e6 21.
f4 Rc8 22. Qb3 Bf6 23. Nf3 Bf5 24. Ra1 d3 25. Be3 Rc2 26. Rd2 Qc7 27. Rb1 Rb8
28. Qa3 Bxb2 29. Rxb2 Rbxb2 30. Qxb2 Rxb2 31. Rxb2 Be4 32. Ne5 Qc3 33. Rd2 Qa1+
34. Kf2 Qh1 35. Nxd3 Qf3+ {White resigns} 0-1

[Event "Team 45 45 League T40"]
[Site "Internet Chess Club"]
[Date "2009.02.01"]
[Round "1"]
[White "Gil-galad"]
[Black "playwaycool"]
[Result "1/2-1/2"]
[WhiteElo "2094"]
[BlackElo "2068"]
[Opening "QGD semi-Slav: anti-Meran gambit"]
[ECO "D44"]
[Time "13:00:52"]
[TimeControl "2700+45"]

1. d4 d5 2. c4 c6 3. Nf3 Nf6 4. Nc3 e6 5. Bg5 dxc4 6. e4 b5 7. e5 h6 8. Bh4 g5
9. Nxg5 hxg5 10. Bxg5 Nbd7 11. exf6 Bb7 12. g3 Qb6 13. Bg2 c5 14. d5 O-O-O 15.
O-O b4 16. Rb1 Qa6 17. dxe6 Bxg2 18. e7 Bxf1 19. Qd5 Bh6 20. Bxh6 Bd3 21. Qa8+
Nb8 22. exd8=Q+ Rxd8 23. Re1 bxc3 24. Bf4 Qb6 25. bxc3 Bf5 26. Bxb8 Qxb8 27.
Qc6+ Qc7 28. Qa8+ {Game drawn by mutual agreement} 1/2-1/2

[Event "Team 45 45 League T40"]
[Site "Internet Chess Club"]
[Date "2009.02.01"]
[Round "1"]
[White "Gregorio"]
[Black "JustinSane"]
[Result "1/2-1/2"]
[WhiteElo "2115"]
[BlackElo "2100"]
[Opening "French: Winawer (Nimzovich) variation"]
[ECO "C15"]
[Time "10:09:07"]
[TimeControl "2700+45"]

1. e4 e6 2. d4 d5 3. Nc3 Bb4 4. Qg4 Nf6 5. Qxg7 Rg8 6. Qh6 c5 7. a3 Rg6 8. Qh4
Bxc3+ 9. bxc3 dxe4 10. Bg5 Nbd7 11. Bb5 cxd4 12. Bxf6 Qxf6 13. Qxf6 Rxf6 14.
cxd4 a6 15. Ba4 b5 16. Bb3 Nb6 17. Ne2 Bb7 18. O-O Rc8 19. Rfc1 a5 20. a4 b4 21.
c4 Ba6 22. c5 Nd5 23. Bc4 Bxc4 24. Rxc4 {Game drawn by mutual agreement} 1/2-1/2

[Event "Team 45 45 League T40"]
[Site "Internet Chess Club"]
[Date "2009.02.01"]
[Round "1"]
[White "Kolibri"]
[Black "gyoung"]
[Result "1/2-1/2"]
[WhiteElo "1950"]
[BlackElo "2231"]
[Opening "Sicilian: accelerated fianchetto, modern variation"]
[ECO "B34"]
[Time "15:00:14"]
[TimeControl "2700+45"]

1. e4 c5 2. Nf3 Nc6 3. d4 cxd4 4. Nxd4 g6 5. Nc3 Bg7 6. Be3 Nf6 7. Be2 O-O 8.
O-O d5 9. Nxc6 bxc6 10. exd5 cxd5 11. Bd4 Bb7 12. Bf3 e6 13. Na4 Nd7 14. Bxg7
Kxg7 15. c4 Ne5 16. cxd5 Nxf3+ 17. Qxf3 Bxd5 18. Qe3 Qe7 19. Nc3 Bc6 20. b3 Qb7
21. f3 Qb6 22. Qxb6 axb6 23. a4 Rfd8 24. Rfd1 Rac8 25. Rxd8 Rxd8 26. Rd1 Rxd1+
27. Nxd1 Kf6 28. Kf2 Ke5 29. Ke3 Kd6 30. Kd4 e5+ 31. Kc4 f5 32. Ne3 f4 33. Nf1
Bd5+ 34. Kc3 e4 35. fxe4 Bxe4 36. g3 fxg3 37. hxg3 h5 38. b4 g5 39. Kd4 Bc6 40.
a5 bxa5 41. bxa5 Bb7 42. Nh2 Ke6 43. Ke3 Kf5 44. Kf2 h4 {Game drawn by mutual
agreement} 1/2-1/2

[Event "Team 45 45 League T40"]
[Site "Internet Chess Club"]
[Date "2009.01.31"]
[Round "1"]
[White "f5"]
[Black "Monsoon-Smith"]
[Result "1-0"]
[WhiteElo "2221"]
[BlackElo "2117"]
[Opening "Trompowsky attack (Ruth, Opocenský opening)"]
[ECO "A45"]
[Time "18:00:56"]
[TimeControl "2700+45"]

1. d4 Nf6 2. Bg5 c5 3. Bxf6 gxf6 4. d5 d6 5. e3 Bg7 6. c3 a6 7. a4 Bf5 8. Nd2
Bg6 9. Nh3 Nd7 10. Be2 Rb8 11. O-O b5 12. axb5 axb5 13. Nf4 c4 14. h4 Nc5 15. h5
Bf5 16. Nf3 Bh6 17. Nd4 Bd7 18. Qc2 Qc8 19. Ra7 Rg8 20. Qxh7 {Black resigns} 1-0

[Event "Team 45 45 League T40"]
[Site "Internet Chess Club"]
[Date "2009.01.31"]
[Round "1"]
[White "fledermaus"]
[Black "chiiwen"]
[Result "1/2-1/2"]
[WhiteElo "2001"]
[BlackElo "2065"]
[Opening "King's Indian: orthodox, 7...Nbd7"]
[ECO "E94"]
[Time "15:12:41"]
[TimeControl "2700+45"]

1. d4 Nf6 2. c4 g6 3. Nc3 Bg7 4. e4 d6 5. Nf3 O-O 6. Be2 Nbd7 7. O-O e5 8. Qc2
exd4 9. Nxd4 Nc5 10. Be3 Re8 11. f3 a5 12. Rac1 Bd7 13. Qd2 Ne6 14. Rfd1 Nxd4
15. Bxd4 Bc6 16. Nd5 Bxd5 17. cxd5 Nh5 18. Bxg7 Nxg7 19. Bd3 Nh5 20. Rc4 Nf6 21.
Qc3 Nd7 22. Ra4 c6 23. dxc6 Qb6+ 24. Qd4 Qxc6 25. Rc4 Nc5 26. Rc2 b5 27. Bf1
Rad8 28. b4 axb4 29. Qxb4 Rb8 30. Qd4 Rb6 31. g3 Qb7 32. Rcd2 Ne6 33. Qd5 Qa7
34. Kg2 Reb8 35. Bd3 Ra6 36. Rb2 Nc7 37. Qb3 Ra3 38. Qc2 Ne6 39. Qf2 Qd7 {Game
drawn by mutual agreement} 1/2-1/2

[Event "Team 45 45 League T40"]
[Site "Internet Chess Club"]
[Date "2009.02.01"]
[Round "1"]
[White "Legal"]
[Black "Holzschlange"]
[Result "1/2-1/2"]
[WhiteElo "2011"]
[BlackElo "1905"]
[Opening "Queen's bishop game"]
[ECO "D02"]
[Time "10:10:58"]
[TimeControl "2700+45"]

1. d4 Nf6 2. Nf3 d5 3. Bf4 e6 4. e3 c5 5. c3 Nc6 6. Bd3 Qb6 7. Qb3 c4 8. Qxb6
axb6 9. Bc2 b5 10. Nbd2 b4 11. O-O Be7 12. h3 Nd7 13. e4 Nb6 14. Rfe1 O-O 15.
Bc7 Na4 16. Bxa4 Rxa4 17. Ne5 Nxe5 18. Bxe5 f6 19. Bc7 Kf7 20. Bb6 Bd7 21. exd5
exd5 22. Rxe7+ Kxe7 23. Bc5+ Kf7 24. Bxf8 Kxf8 25. g4 {Game drawn by mutual
agreement} 1/2-1/2

[Event "Team 45 45 League T40"]
[Site "Internet Chess Club"]
[Date "2009.02.01"]
[Round "1"]
[White "easycure"]
[Black "PandorasBox"]
[Result "1/2-1/2"]
[WhiteElo "2375"]
[BlackElo "2269"]
[Opening "Benkö gambit accepted"]
[ECO "A58"]
[Time "04:00:44"]
[TimeControl "2700+45"]

1. d4 Nf6 2. c4 c5 3. d5 b5 4. cxb5 a6 5. bxa6 Bxa6 6. Nc3 g6 7. e4 Bxf1 8. Kxf1
d6 9. Nf3 Nbd7 10. h3 Bg7 11. Kg1 O-O 12. Kh2 Qb6 13. Re1 Rfb8 14. Re2 Nh5 15.
Rc2 Ne5 16. Bg5 Rb7 17. Qe2 h6 18. Be3 Qb4 19. Nd2 Nd7 20. Rb1 Qa5 21. a3 Qd8
22. Nc4 Rb3 23. Nd2 Rb7 24. b4 Rxa3 25. bxc5 Nxc5 26. Bxc5 Rxc3 27. Rxc3 Rxb1
28. Nxb1 Bxc3 29. Nxc3 dxc5 30. Qb5 Qd6+ 31. g3 Nf6 32. f4 Nd7 33. Qc6 Qb8 {Game
drawn by mutual agreement} 1/2-1/2

[Event "Team 45 45 League T40"]
[Site "Internet Chess Club"]
[Date "2009.02.01"]
[Round "1"]
[White "izit"]
[Black "Blade"]
[Result "1-0"]
[WhiteElo "2190"]
[BlackElo "2045"]
[Opening "Caro-Kann: two knights, 3...Bg4"]
[ECO "B11"]
[Time "16:04:22"]
[TimeControl "2700+45"]

1. e4 c6 2. Nc3 d5 3. Nf3 Bg4 4. h3 Bxf3 5. Qxf3 Nf6 6. d3 e6 7. Bd2 Bd6 8. g4
Nbd7 9. g5 Ne5 10. Qe2 Nfd7 11. O-O-O d4 12. Nb1 Ng6 13. h4 O-O 14. Bh3 Nf4 15.
Bxf4 Bxf4+ 16. Nd2 e5 17. Kb1 b5 18. Bxd7 Qxd7 19. Nf1 c5 20. Ng3 Rae8 21. Nh5
a6 22. Qf3 Qc7 23. Rhg1 a5 24. Rg4 a4 25. Nxf4 exf4 26. Qxf4 Qxf4 27. Rxf4 Re5
28. c3 Rfe8 29. cxd4 cxd4 30. Rc1 h6 31. gxh6 gxh6 32. Rc7 R5e7 33. Rxe7 Rxe7
34. Rf5 Rb7 35. Rd5 {Black resigns} 1-0

[Event "Team 45 45 League T40"]
[Site "Internet Chess Club"]
[Date "2009.01.30"]
[Round "1"]
[White "SlimeDog2"]
[Black "kingcapture"]
[Result "1-0"]
[WhiteElo "2157"]
[BlackElo "2283"]
[Opening "Queen's pawn game"]
[ECO "A45"]
[Time "20:00:09"]
[TimeControl "2700+45"]

1. d4 Nf6 2. g3 g6 3. Bg2 Bg7 4. e4 d6 5. Nc3 O-O 6. Nge2 c6 7. O-O e5 8. h3 Na6
9. Be3 b5 10. dxe5 dxe5 11. Qxd8 Rxd8 12. Rfd1 Be6 13. Rxd8+ Rxd8 14. a3 Rd7 15.
Rd1 Rxd1+ 16. Nxd1 c5 17. Nec3 Bd7 18. Bf1 Bf8 19. Bxb5 Bxb5 20. Nxb5 Nxe4 21.
Nxa7 f5 22. Nb5 Kf7 23. Ndc3 Nf6 24. Bg5 e4 25. Bxf6 Kxf6 26. Nd5+ Ke5 27. c4
Nb8 28. Kf1 Nc6 29. Ke2 Nd4+ 30. Nxd4 cxd4 31. f4+ Kd6 32. b4 Kc6 33. a4 Bd6 34.
a5 Kb7 35. c5 Bf8 36. Nf6 h6 37. Nd7 Be7 38. b5 Kc7 39. a6 g5 40. c6 d3+ 41. Ke3
Ba3 42. a7 Bc1+ 43. Kf2 e3+ 44. Kg2 d2 45. a8=Q d1=Q 46. Qb8# {Black checkmated}
1-0

[Event "Team 45 45 League T40"]
[Site "Internet Chess Club"]
[Date "2009.01.30"]
[Round "1"]
[White "jonesey"]
[Black "Ser-Enigma"]
[Result "0-1"]
[WhiteElo "2004"]
[BlackElo "2123"]
[Opening "Caro-Kann: Panov-Botvinnik attack, 5...e6"]
[ECO "B14"]
[Time "13:08:20"]
[TimeControl "2700+45"]

1. e4 c6 2. d4 d5 3. exd5 cxd5 4. c4 Nf6 5. Nc3 e6 6. Nf3 Bb4 7. Bd3 dxc4 8.
Bxc4 O-O 9. O-O Nc6 10. Bg5 Be7 11. Re1 Nb4 12. Rc1 Bd7 13. a3 Nbd5 14. Ne5 Bc6
15. Nxc6 bxc6 16. Ne4 Nxe4 17. Bxe7 Nxf2 18. Bxd8 Nxd1 19. Bg5 Nxb2 20. Ba6 Rab8
21. Rxc6 Rb6 22. Rxb6 axb6 23. Bb5 Nc3 24. Bf1 Ra8 25. Be7 Nd5 26. Bd6 Rd8 27.
Bg3 Na4 28. Bh4 Rc8 29. Bb5 Nac3 30. Bd7 Rc7 31. Be8 Kf8 32. Bg3 Rc4 33. Bd7 Ke7
{White resigns} 0-1

[Event "Team 45 45 League T40"]
[Site "Internet Chess Club"]
[Date "2009.01.31"]
[Round "1"]
[White "TheChessKid"]
[Black "gringo"]
[Result "1/2-1/2"]
[WhiteElo "2144"]
[BlackElo "2306"]
[Opening "Sicilian: dragon, Yugoslav attack, Rauser variation"]
[ECO "B76"]
[Time "12:00:16"]
[TimeControl "2700+45"]

1. e4 c5 2. Nf3 d6 3. d4 cxd4 4. Nxd4 Nf6 5. Nc3 g6 6. Be3 Bg7 7. f3 O-O 8. Qd2
Nc6 9. O-O-O Bd7 10. g4 Rc8 11. h4 Ne5 12. h5 Qa5 13. hxg6 fxg6 14. Bh6 Bxh6 15.
Qxh6 Rxc3 16. bxc3 Qxc3 17. Kb1 b5 18. Qd2 Qa3 19. Qc1 Qc5 20. Ka1 Nxf3 21. Nxf3
Qc3+ 22. Qb2 Qxf3 23. Bxb5 Bxb5 24. Qxb5 Nxe4 25. Qc4+ Kg7 26. Rdf1 Qc3+ 27.
Qxc3+ Nxc3 28. Rxf8 Kxf8 29. Rxh7 Nd5 30. Rh8+ Kf7 31. Ra8 Ne3 32. g5 Nxc2+ 33.
Kb2 Nd4 34. Rxa7 Ne6 35. a4 Nxg5 36. a5 Ne6 37. Rb7 {Game drawn by mutual
agreement} 1/2-1/2